 Dungeon Crawl Stone Soup version 0.18.1-48-g4cf74bf (webtiles) character file.

91 GFox the Ruffian (level 4, -6/61 HPs)
             Began as a Minotaur Monk on July 12, 2016.
             Mangled by an ogre
             ... wielding a +0 giant club
              (19 damage)
             ... on level 4 of the Dungeon.
             The game lasted 00:15:03 (2414 turns).

GFox the Ruffian (Minotaur Monk)                    Turns: 2414, Time: 00:15:04

Health: -6/61      AC: 22    Str: 16    XL:     4   Next: 33%
Magic:  3/3        EV:  2    Int:  7    God:
Gold:   93         SH:  0    Dex: 13    Spells: 0 memorised, 3 levels left

rFire  + . .     SeeInvis .     n - -1 dagger (curse)
rCold  + . .     Gourm    .     (armour currently unavailable)
rNeg   + + +     Faith    .     (no shield)
rPois  +         Spirit   .     (helmet currently unavailable)
rElec  +         Dismiss  .     (cloak currently unavailable)
rCorr  +         Reflect  .     (gloves currently unavailable)
SustAt .         Harm     .     (boots currently unavailable)
MR     .....     NoTele   +     (no amulet)
Stlth  ++........               (no ring)
                                (no ring)

@: lethally poisoned (-6 -> -7), tree-form, resistant, not resistant to hostile
enchantments, unstealthy
A: (retaliatory headbutt), (horns 0)
a: no special abilities


You were on level 4 of the Dungeon.
You were not hungry.
You were a tree.
You visited 1 branch of the dungeon, and saw 4 of its levels.

You collected 183 gold pieces.
You spent 90 gold pieces at shops.

Inventory:

Hand Weapons
 n - a cursed -1 dagger (weapon)
Armour
 a - a +0 robe
 e - a cursed +0 leather armour (melded)
 h - a +1 hat (melded)
 j - a +0 cloak (melded)
Jewellery
 p - an uncursed ring of ice {unknown}
Scrolls
 f - 4 scrolls of identify
 g - 3 scrolls of magic mapping
 q - a scroll of enchant weapon
Potions
 d - a potion of resistance
Comestibles
 b - 3 bread rations
 c - a beef jerky
 i - 2 meat rations
 m - 13 chunks of flesh


   Skills:
 + Level 4.3 Fighting
 + Level 1.2 Armour
 + Level 4.0 Dodging
 + Level 1.6 Stealth
 + Level 5.2 Unarmed Combat


You had 3 spell levels left.
You didn't know any spells.

Dungeon Overview and Level Annotations

Branches:
Dungeon (4/15)
 Temple: D:4-7

Altars:
Zin

Annotations:
D:4 Eustachio


Innate Abilities, Weirdness & Mutations

((You reflexively headbutt those who attack you in melee.))
((You have a pair of horns on your head.))


Message History

The adder bites you but does no damage. The adder bites you.
* * * LOW HITPOINT WARNING * * *
The ufetubus hits you but does no damage. x2
The shadow imp hits you but does no damage.
The ogre hits you but does no damage. Eustachio hits you but does no damage.
You barely miss Eustachio.
Eustachio is moderately wounded.
You feel sick.
The ufetubus hits you but does no damage. x2
The adder bites you but does no damage. x2
The shadow imp hits you but does no damage.
The crimson imp shouts, "Give in, thou plume-plucked tardy-gaited meatloaf!"
The crimson imp barely misses you.
The ufetubus hits you but does no damage. x2
The adder bites you but does no damage. x2
You hit Eustachio but do no damage.
Eustachio is moderately wounded.
The crimson imp disappears in a puff of smoke!
Eustachio hits you but does no damage. The ogre hits you with a giant club!!
You die...

### #.## . #..## #..
##..## ###.... #...#
#####.......
##..####...........
##..##.5.S........
#.....@♣S........
##....5§O........
#..#............
##..#............
#..##............
###................
##..................
##..##................
#.####................


You could see Eustachio, an ogre, 2 adders, a shadow imp and an ufetubus.

Vanquished Creatures
  An adder (D:3)
  A gnoll (D:1)
  A worm (D:3)
  4 dart slugs
  4 giant geckos
  2 orcs (D:4)
  2 ball pythons
  5 giant cockroaches
  6 goblins
  2 hobgoblins
  2 jackals (D:3)
  A quokka (D:3)
  8 bats
  3 giant newts
  7 kobolds
  3 rats
52 creatures vanquished.

Notes
Turn   | Place    | Note
--------------------------------------------------------------
     0 | D:1      | GFox the Minotaur Monk began the quest for the Orb.
     0 | D:1      | Reached XP level 1. HP: 19/19 MP: 0/0
    13 | D:1      | Reached XP level 2. HP: 25/27 MP: 1/1
   462 | D:1      | Reached XP level 3. HP: 33/33 MP: 2/2
  1227 | D:2      | Reached skill level 5 in Unarmed Combat
  1630 | D:3      | Found Zin's Purification Station.
  1632 | D:3      | Found a glowing silver altar of Zin.
  1638 | D:3      | Bought a potion of curing for 90 gold pieces
  1700 | D:3      | Reached XP level 4. HP: 8/41 MP: 3/3
  2224 | D:3      | Reached skill level 1 in Armour
  2390 | D:4      | Noticed Eustachio
  2399 | D:4      | Noticed an ogre
  2414 | D:4      | Mangled by an ogre

Skill      XL: |  1  2  3  4 |
---------------+-------------+-----
Fighting       | 4 |  4.3
Unarmed Combat | 5 |  5.2
Dodging        | 4 |  4.0
Armour         | 1 |  1.2
Stealth        | |  1.6

Action                   |  1- 3 |  4- 6 || total
-------------------------+-------+-------++-------
Melee: Unarmed           |    47 |       ||    47
       Headbutt          |    16 |     4 ||    20
       Dagger            |    51 |    42 ||    93
       Punch             |     1 |       ||     1
  Use: Scroll            |     5 |     1 ||     6
       Potion            |     3 |     3 ||     6
 Stab: Sleeping          |     1 |     2 ||     3
  Eat: Chunk             |     2 |     3 ||     5
Armor: Leather armour    |    25 |    17 ||    42
       Skin              |       |    43 ||    43
Dodge: Dodged            |    72 |    71 ||   143
